GULF
PORT LAVACA INDIANS @ SARASOTA EAGLES
06/17/1982
 
TOP OF THE 1ST
Port Lavaca Indians batting - Pitching for Sarasota Eagles : LHP Rich Sauveur
Pitching: LHP Rich Sauveur
Batting: RHB Jeff Schugel 0-0: Ball
1-0: Foul Ball, location: 2F
1-1: Swinging Strike
1-2: Strikes out looking
Batting: LHB Raul Dominguez 0-0: Foul Ball, location: 2F
0-1: Ball
1-1: Ball
2-1: Foul Ball, location: 2F
2-2: Ball
3-2: Base on Balls
Batting: LHB Antonio Huerta 0-0: Ball
1-0: Fly out, F4 (Flyball, 3D, EV 93.1 MPH)
Batting: RHB Ramon Sarmiento 0-0: Foul Ball, location: 2F
0-1: Foul Ball, location: 2F
0-2: Ball
1-2: Ground out 5-3 (Groundball, 56S, EV 85.6 MPH)
Top of the 1st over - 0 runs, 0 hits, 0 errors, 1 left on base; Port Lavaca 0 - Sarasota 0
BOTTOM OF THE 1ST
Sarasota Eagles batting - Pitching for Port Lavaca Indians : RHP Toby Blythe
Pitching: RHP Toby Blythe
Batting: SHB Todd Mabe 0-0: Ball
1-0: Ground out U3 (Groundball, 3, EV 83.8 MPH)
Batting: RHB Darrin Jackson 0-0: Ball
1-0: Ball
2-0: Ball
3-0: Base on Balls
Batting: RHB Thomas Brassil 0-0: Ball
1-0: SINGLE (Groundball, 6MD, EV 95.6 MPH)
Darrin Jackson to second
Runner from 2nd tries for 3rd, SAFE, throw by CF made to third
Batting: SHB Ramon Sambo 0-0: Called Strike
0-1: Foul Ball, location: 2F
0-2: Ball
1-2: Fielders Choice at 2nd, 4-6 (Groundball, 4, EV 90.6 MPH)
Darrin Jackson scores
Batting: LHB Dave Martinez 0-0: Swinging Strike
0-1: Swinging Strike
0-2: Strikes out swinging
Bottom of the 1st over - 1 run, 1 hit, 0 errors, 1 left on base; Port Lavaca 0 - Sarasota 1
TOP OF THE 2ND
Port Lavaca Indians batting - Pitching for Sarasota Eagles : LHP Rich Sauveur
Batting: LHB Wally Joyner 0-0: Ball
1-0: Ball
2-0: Ball
3-0: Called Strike
3-1: Fly out, F7 (Line Drive, 7, EV 90.0 MPH)
Batting: RHB Jeffrey Rhodes 0-0: Ground out 4-3 (Groundball, 4S, EV 83.8 MPH)
Batting: RHB DeMarlo Hale 0-0: Called Strike
0-1: Ball
1-1: SINGLE (Line Drive, 9LS, EV 105.0 MPH)
Batting: RHB Robbie Wine 0-0: Ball
1-0: Fly out, F9 (Flyball, 89D, EV 85.0 MPH)
Top of the 2nd over - 0 runs, 1 hit, 0 errors, 1 left on base; Port Lavaca 0 - Sarasota 1
BOTTOM OF THE 2ND
Sarasota Eagles batting - Pitching for Port Lavaca Indians : RHP Toby Blythe
Batting: RHB Gary Appino 0-0: Called Strike
0-1: Foul Ball, location: 2F
0-2: Strikes out swinging
Batting: RHB Matt Stark 0-0: Swinging Strike
0-1: Called Strike
0-2: Ball
1-2: Ball
2-2: Ball
3-2: Base on Balls
Batting: LHB Jesus Mercado 0-0: Called Strike
0-1: Ball
1-1: Foul Ball, location: 2F
1-2: Strikes out swinging
Batting: RHB Jose Estrada 0-0: Fly out, F8 (Flyball, 8LD, EV 101.3 MPH)
Bottom of the 2nd over - 0 runs, 0 hits, 0 errors, 1 left on base; Port Lavaca 0 - Sarasota 1
TOP OF THE 3RD
Port Lavaca Indians batting - Pitching for Sarasota Eagles : LHP Rich Sauveur
Batting: RHB Robert Mills 0-0: Swinging Strike
0-1: Ball
1-1: Ball
2-1: Foul Ball, location: 2F
2-2: Ball
3-2: Foul Ball, location: 2F
3-2: Strikes out swinging
Batting: RHB Jeff Schugel 0-0: Ball
1-0: Swinging Strike
1-1: Ball
2-1: Ball
3-1: Base on Balls
Batting: LHB Raul Dominguez 0-0: Called Strike
0-1: Ball
1-1: Called Strike
1-2: SINGLE (Groundball, 56D, EV 93.8 MPH)
Jeff Schugel to second
Batting: LHB Antonio Huerta 0-0: Ball
1-0: Called Strike
1-1: Foul Ball, location: 2F
1-2: Strikes out swinging
Batting: RHB Ramon Sarmiento 0-0: Called Strike
0-1: Foul Ball, location: 2F
0-2: Ball
1-2: Strikes out swinging
Top of the 3rd over - 0 runs, 1 hit, 0 errors, 2 left on base; Port Lavaca 0 - Sarasota 1
BOTTOM OF THE 3RD
Sarasota Eagles batting - Pitching for Port Lavaca Indians : RHP Toby Blythe
Batting: SHB Todd Mabe 0-0: Swinging Strike
0-1: Ball
1-1: Called Strike
1-2: Foul Ball, location: 2F
1-2: Ball
2-2: Strikes out swinging
Batting: RHB Darrin Jackson 0-0: TRIPLE (Flyball, 89XD, EV 93.1 MPH)
Batting: RHB Thomas Brassil 0-0: Called Strike
0-1: Ball
1-1: Ball
2-1: Reached on error, E6 (Groundball, 6, EV 90.0 MPH)
Darrin Jackson scores
Batting: SHB Ramon Sambo 0-0: Ball
1-0: Ball
2-0: Ball
3-0: Base on Balls
Thomas Brassil to second
Batting: LHB Dave Martinez 0-0: Foul Ball, location: 2F
0-1: Fly out, F6 (Popup, 6M, EV 71.9 MPH)
Batting: RHB Gary Appino 0-0: Swinging Strike
0-1: Called Strike
0-2: Ball
1-2: Ball
2-2: Fly out, F5 (Popup, 56S, EV 91.9 MPH)
Bottom of the 3rd over - 1 run, 1 hit, 1 error, 2 left on base; Port Lavaca 0 - Sarasota 2
TOP OF THE 4TH
Port Lavaca Indians batting - Pitching for Sarasota Eagles : LHP Rich Sauveur
Batting: LHB Wally Joyner 0-0: Fly out, F8 (Flyball, 8RS, EV 84.4 MPH)
Batting: RHB Jeffrey Rhodes 0-0: Called Strike
0-1: Ball
1-1: Ball
2-1: Ball
3-1: Base on Balls
Batting: RHB DeMarlo Hale 0-0: Foul Ball, location: 2F
0-1: Swinging Strike
Jeffrey Rhodes is caught stealing 2nd base 2-4
0-2: Ball
1-2: Foul Ball, location: 2F
1-2: SINGLE (Groundball, 34D, EV 105.0 MPH)
Batting: RHB Robbie Wine 0-0: Ball
1-0: Ball
2-0: Ball
3-0: Base on Balls
DeMarlo Hale to second
Batting: RHB Robert Mills 0-0: Ball
1-0: Ball
2-0: Foul Ball, location: 2F
2-1: Fly out, F6 (Line Drive, 6, EV 75.6 MPH)
Top of the 4th over - 0 runs, 1 hit, 0 errors, 2 left on base; Port Lavaca 0 - Sarasota 2
BOTTOM OF THE 4TH
Sarasota Eagles batting - Pitching for Port Lavaca Indians : RHP Toby Blythe
Batting: RHB Matt Stark 0-0: Ball
1-0: Ball
2-0: Ground out 6-3 (Groundball, 56, EV 85.6 MPH)
Batting: LHB Jesus Mercado 0-0: Ball
1-0: Called Strike
1-1: Called Strike
1-2: SINGLE (Line Drive, 34D, EV 105.0 MPH)
Batting: RHB Jose Estrada 0-0: Ball
1-0: Ball
2-0: Ball
3-0: Called Strike
3-1: Foul Ball, location: 2F
3-2: Strikes out looking
Batting: SHB Todd Mabe 0-0: Ball
1-0: Called Strike
1-1: Ball
2-1: Foul Ball, location: 2F
2-2: Ball
3-2: Fly out, F9 (Flyball, 89D, EV 85.6 MPH)
Bottom of the 4th over - 0 runs, 1 hit, 0 errors, 1 left on base; Port Lavaca 0 - Sarasota 2
TOP OF THE 5TH
Port Lavaca Indians batting - Pitching for Sarasota Eagles : LHP Rich Sauveur
Batting: RHB Jeff Schugel 0-0: Foul Ball, location: 2F
0-1: Foul Ball, location: 2F
0-2: Ball
1-2: Foul Ball, location: 2F
1-2: Strikes out swinging
Batting: LHB Raul Dominguez 0-0: Ball
1-0: Ball
2-0: Ball
3-0: Base on Balls
Batting: LHB Antonio Huerta 0-0: Swinging Strike
0-1: Ball
1-1: Swinging Strike
1-2: Ball
2-2: Fielders Choice at 2nd, 6-4 (Groundball, 6MS, EV 88.8 MPH)
Batting: RHB Ramon Sarmiento 0-0: Foul Ball, location: 2F
0-1: Ball
1-1: Called Strike
1-2: SINGLE (Groundball, 6MS, EV 69.4 MPH) (infield hit)
Antonio Huerta to second
Batting: LHB Wally Joyner 0-0: Fly out, F8 (Flyball, 89M, EV 92.5 MPH)
Top of the 5th over - 0 runs, 1 hit, 0 errors, 2 left on base; Port Lavaca 0 - Sarasota 2
BOTTOM OF THE 5TH
Sarasota Eagles batting - Pitching for Port Lavaca Indians : RHP Toby Blythe
Batting: RHB Darrin Jackson 0-0: Ball
1-0: Reached on error, E6 (Groundball, 6, EV 85.6 MPH)
Batting: RHB Thomas Brassil 0-0: Swinging Strike
0-1: Grounds into double play, 4-6-3 (Groundball, 4, EV 89.4 MPH)
Batting: SHB Ramon Sambo 0-0: Ball
1-0: Foul Ball, location: 2F
1-1: Ball
2-1: Ball
3-1: Base on Balls
Batting: LHB Dave Martinez 0-0: Ball
1-0: Called Strike
1-1: Swinging Strike
1-2: Strikes out swinging
Bottom of the 5th over - 0 runs, 0 hits, 1 error, 1 left on base; Port Lavaca 0 - Sarasota 2
TOP OF THE 6TH
Port Lavaca Indians batting - Pitching for Sarasota Eagles : LHP Rich Sauveur
Batting: RHB Jeffrey Rhodes 0-0: Ball
1-0: Foul Ball, location: 2F
1-1: Ball
2-1: Ball
3-1: Fly out, F9 (Flyball, 9, EV 81.9 MPH)
Batting: RHB DeMarlo Hale 0-0: Foul Ball, location: 2F
0-1: Ball
1-1: Fly out, F6 (Flyball, 56D, EV 70.6 MPH)
Batting: RHB Robbie Wine 0-0: Called Strike
0-1: Ball
1-1: Foul Ball, location: 2F
1-2: Strikes out swinging, 2-3 out at first.
Top of the 6th over - 0 runs, 0 hits, 0 errors, 0 left on base; Port Lavaca 0 - Sarasota 2
BOTTOM OF THE 6TH
Sarasota Eagles batting - Pitching for Port Lavaca Indians : RHP Toby Blythe
Batting: RHB Gary Appino 0-0: Called Strike
0-1: Ball
1-1: Ball
2-1: Ground out 5-3 (Groundball, 56S, EV 73.8 MPH)
Batting: RHB Matt Stark 0-0: Ball
1-0: Ground out U3 (Groundball, 34S, EV 80.0 MPH)
Batting: LHB Jesus Mercado 0-0: Called Strike
0-1: Called Strike
0-2: Ball
1-2: Strikes out looking
Bottom of the 6th over - 0 runs, 0 hits, 0 errors, 0 left on base; Port Lavaca 0 - Sarasota 2
TOP OF THE 7TH
Port Lavaca Indians batting - Pitching for Sarasota Eagles : LHP Rich Sauveur
Pitching: RHP Ricky Rodriguez
Batting: RHB Robert Mills 0-0: Called Strike
0-1: SINGLE (Line Drive, 9S, EV 105.6 MPH)
Batting: RHB Jeff Schugel 0-0: Ball
1-0: Foul Ball, location: 2F
1-1: Ball
2-1: Grounds into double play, 5-4-3 (Groundball, 25, EV 89.4 MPH)
Batting: LHB Raul Dominguez 0-0: Called Strike
0-1: Ball
1-1: Ball
2-1: Ball
3-1: Called Strike
3-2: Base on Balls
Batting: LHB Antonio Huerta 0-0: Ball
1-0: Ball
2-0: Called Strike
2-1: Foul Ball, location: 2F
2-2: Strikes out looking
Top of the 7th over - 0 runs, 1 hit, 0 errors, 1 left on base; Port Lavaca 0 - Sarasota 2
BOTTOM OF THE 7TH
Sarasota Eagles batting - Pitching for Port Lavaca Indians : RHP Toby Blythe
Batting: RHB Jose Estrada 0-0: Ball
1-0: Ball
2-0: Fly out, F8 (Line Drive, 8RM, EV 91.3 MPH)
Batting: SHB Todd Mabe 0-0: Ball
1-0: Ball
2-0: Ball
3-0: Called Strike
3-1: Foul Ball, location: 2F
3-2: Base on Balls
Batting: RHB Darrin Jackson 0-0: Swinging Strike
0-1: Ball
1-1: Ball
2-1: DOUBLE (Flyball, 8LXD, EV 101.9 MPH)
Todd Mabe to third
Runner from 3rd tries for Home, SAFE, throw by CF to home
Batting: RHB Thomas Brassil 0-0: Called Strike
Darrin Jackson steals 3rd base
0-1: SINGLE (Line Drive, 78S, EV 101.3 MPH)
Darrin Jackson scores
Batting: SHB Ramon Sambo 0-0: Ball
1-0: Ball
2-0: SINGLE (Flyball, 89S, EV 96.9 MPH)
Thomas Brassil to second
Runner from 2nd tries for 3rd, SAFE, throw by CF made to third
Batting: LHB Dave Martinez 0-0: Swinging Strike
0-1: Ball
1-1: Ball
2-1: Ball
3-1: Base on Balls
Ramon Sambo to second
Batting: RHB Gary Appino 0-0: Ball
1-0: Ball
2-0: Called Strike
2-1: Fly out, F9 (Flyball, 9S, EV 82.5 MPH)
Batting: RHB Matt Stark 0-0: Called Strike
0-1: Foul Ball, location: 2F
0-2: Ball
1-2: Fielders Choice at 2nd, 5-4 (Groundball, 56, EV 101.3 MPH)
Bottom of the 7th over - 2 runs, 3 hits, 0 errors, 3 left on base; Port Lavaca 0 - Sarasota 4
TOP OF THE 8TH
Port Lavaca Indians batting - Pitching for Sarasota Eagles : RHP Ricky Rodriguez
Batting: RHB Ramon Sarmiento 0-0: Called Strike
0-1: Swinging Strike
0-2: Ball
1-2: Ball
2-2: Strikes out swinging
Batting: LHB Wally Joyner 0-0: Ball
1-0: Ball
2-0: Called Strike
2-1: Called Strike
2-2: Ground out 4-3 (Groundball, 34, EV 90.6 MPH)
Batting: RHB Jeffrey Rhodes 0-0: Called Strike
0-1: Called Strike
0-2: Strikes out looking
Top of the 8th over - 0 runs, 0 hits, 0 errors, 0 left on base; Port Lavaca 0 - Sarasota 4
BOTTOM OF THE 8TH
Sarasota Eagles batting - Pitching for Port Lavaca Indians : RHP Toby Blythe
Batting: LHB Jesus Mercado 0-0: Swinging Strike
0-1: Foul Ball, location: 2F
0-2: Strikes out swinging
Batting: RHB Jose Estrada 0-0: Fly out, F7 (Flyball, 7D, EV 101.3 MPH)
Batting: SHB Todd Mabe 0-0: Called Strike
0-1: Called Strike
0-2: Ball
1-2: Ball
2-2: Ball
3-2: Strikes out swinging
Bottom of the 8th over - 0 runs, 0 hits, 0 errors, 0 left on base; Port Lavaca 0 - Sarasota 4
TOP OF THE 9TH
Port Lavaca Indians batting - Pitching for Sarasota Eagles : RHP Ricky Rodriguez
Batting: RHB DeMarlo Hale 0-0: Foul Ball, location: 2F
0-1: Called Strike
0-2: Strikes out swinging
Batting: RHB Robbie Wine 0-0: Called Strike
0-1: SOLO HOME RUN (Flyball, 7D, EV 105.0 MPH), Distance : 363 ft
Batting: RHB Robert Mills 0-0: Called Strike
0-1: Foul Ball, location: 2F
0-2: Strikes out swinging
Batting: RHB Jeff Schugel 0-0: Called Strike
0-1: Foul Ball, location: 2F
0-2: Strikes out swinging
Top of the 9th over - 1 run, 1 hit, 0 errors, 0 left on base; Port Lavaca 1 - Sarasota 4
Friday, August 7th, 2020 - OOTP Baseball 21.5 Build 76